[Event "White Rook U14 Final 2019"]
[Site "Sochi"]
[Date "2019.06.08"]
[Round "7.19"]
[White "Klimovskikh, Nikita"]
[Black "Ermolaev, Ivan"]
[Result "0-1"]
[ECO "B33"]
[WhiteElo "1333"]
[BlackElo "1776"]
[Annotator "NA"]
[PlyCount "80"]
[EventDate "2019.06.02"]
[EventCountry "RUS"]
[SourceTitle "playchess.com"]
[Source "ChessBase"]
[SourceQuality "1"]
[TimeControl "5400+30"]

1. e4 c5 2. Nf3 Nc6 3. d4 cxd4 4. Nxd4 Nf6 5. Nc3 e5 6. Ndb5 d6 7. Bg5 a6 8. Na3 b5 9. Nd5 Be7 10. Bxf6 Bxf6 11. c3 O-O 12. Nc2 Bg5 13. a4 bxa4 14. Rxa4 a5 15. Bc4 Rb8 16. b3 Kh8 17. h4 Bh6 18. Nce3 Ne7 19. Nxe7 Qxe7 20. Nd5 Qd8 21. g4 g6 22. g5 Bg7 23. b4 axb4 24. Rxb4 Rxb4 25. cxb4 f6 26. gxf6 Bxf6 27. Nxf6 Qxf6 28. Qd2 Qf3 29. Rh2 Qxe4+ 30. Be2 Ba6 31. Rh3 Rc8 32. Kf1 Rc2 33. Qxc2 Qxc2 34. Bxa6 Qb1+ 35. Kg2 Qxb4 36. h5 Qg4+ 37. Rg3 Qxh5 38. Bd3 d5 39. Rh3 Qg4+ 40. Rg3 Qf4 0-1

[Event "White Rook U14 Final 2019"]
[Site "Sochi"]
[Date "2019.06.08"]
[Round "7.20"]
[White "Kuzmina, Varvara"]
[Black "Belova, Tatyana"]
[Result "1/2-1/2"]
[ECO "E02"]
[WhiteElo "1190"]
[BlackElo "1222"]
[Annotator "NA"]
[PlyCount "53"]
[EventDate "2019.06.02"]
[EventCountry "RUS"]
[SourceTitle "playchess.com"]
[Source "ChessBase"]
[SourceQuality "1"]
[TimeControl "5400+30"]

1. d4 d5 2. c4 e6 3. Nf3 Nf6 4. g3 Be7 5. Bg2 O-O 6. O-O Nbd7 7. Qc2 dxc4 8. Qxc4 c5 9. e3 Nb6 10. Qc2 cxd4 11. Nxd4 Nbd5 12. a3 e5 13. Nf3 Bd6 14. Rd1 Qe7 15. b4 Bg4 16. Re1 Rac8 17. Qb3 Bxf3 18. Bxf3 e4 19. Bg2 Be5 20. Bb2 Bxb2 21. Qxb2 Rc7 22. Nd2 Rfc8 23. Rac1 Nc3 24. Bf1 Qe5 25. Kg2 Qf5 26. h3 h5 27. Nb1 1/2-1/2

[Event "White Rook U14 Final 2019"]
[Site "Sochi"]
[Date "2019.06.08"]
[Round "7.21"]
[White "Shakhov, Dmitriy"]
[Black "Sizov, Lev"]
[Result "0-1"]
[ECO "D46"]
[WhiteElo "1624"]
[BlackElo "1692"]
[Annotator "NA"]
[PlyCount "76"]
[EventDate "2019.06.02"]
[EventCountry "RUS"]
[SourceTitle "playchess.com"]
[Source "ChessBase"]
[SourceQuality "1"]
[TimeControl "5400+30"]

1. d4 d5 2. c4 e6 3. Nc3 c6 4. e3 Nf6 5. Nf3 Bd6 6. Be2 O-O 7. O-O Nbd7 8. Qc2 dxc4 9. Bxc4 e5 10. e4 exd4 11. Nxd4 Nb6 12. Qd3 Bxh2+ 13. Kxh2 Ng4+ 14. Kg1 Ne5 15. Bxf7+ Rxf7 16. Qd1 Kh8 17. Nde2 Qe7 18. f3 Be6 19. Be3 Rd8 20. Qc2 Nbc4 21. Bf2 Rd2 22. Qa4 b5 23. Qa6 Qe8 24. Nxb5 cxb5 25. Nd4 Rxd4 26. Bxd4 Bc8 27. Qxa7 Rxa7 28. Bxa7 Nxb2 29. Rac1 Nbc4 30. Rfd1 h6 31. Bf2 Nb2 32. Rd5 Bb7 33. Rd6 Nbc4 34. Rd4 Qg6 35. Kf1 Qa6 36. Rd8+ Kh7 37. Rcd1 Qxa2 38. Rb8 Qc2 0-1

[Event "White Rook U14 Final 2019"]
[Site "Sochi"]
[Date "2019.06.08"]
[Round "7.22"]
[White "Komissarova, Soigina"]
[Black "Bratov, Ademir"]
[Result "0-1"]
[ECO "A26"]
[WhiteElo "1665"]
[BlackElo "1725"]
[Annotator "NA"]
[PlyCount "54"]
[EventDate "2019.06.02"]
[EventCountry "RUS"]
[SourceTitle "playchess.com"]
[Source "ChessBase"]
[SourceQuality "1"]
[TimeControl "5400+30"]

1. c4 e5 2. g3 g6 3. Bg2 Bg7 4. Nc3 d6 5. e4 Ne7 6. Nge2 Nbc6 7. O-O O-O 8. h3 Be6 9. d3 Qd7 10. Kh2 f5 11. Nd5 Nd8 12. Rb1 c6 13. Nxe7+ Qxe7 14. b3 f4 15. gxf4 exf4 16. Bxf4 Rxf4 17. Nxf4 Be5 18. d4 Bxf4+ 19. Kh1 Qh4 20. Qd3 Nf7 21. b4 g5 22. Rg1 Kh8 23. Qf3 Qh6 24. Bf1 g4 25. Qg2 Ng5 26. Rb3 gxh3 27. Rxh3 Bxh3 0-1

[Event "White Rook U14 Final 2019"]
[Site "Sochi"]
[Date "2019.06.08"]
[Round "7.23"]
[White "Druchenko, Mikhail"]
[Black "Zhambalov, Bator"]
[Result "1-0"]
[ECO "B33"]
[WhiteElo "1774"]
[BlackElo "1142"]
[Annotator "NA"]
[PlyCount "159"]
[EventDate "2019.06.02"]
[EventCountry "RUS"]
[SourceTitle "playchess.com"]
[Source "ChessBase"]
[SourceQuality "1"]
[TimeControl "5400+30"]

1. e4 c5 2. Nf3 Nc6 3. d4 cxd4 4. Nxd4 Nf6 5. Nc3 e5 6. Ndb5 d6 7. a4 a6 8. Na3 Be6 9. Bc4 Be7 10. Bg5 O-O 11. Bxf6 Bxf6 12. O-O Qc7 13. Nd5 Bxd5 14. Bxd5 Rfd8 15. c3 Rac8 16. Nc4 Ne7 17. Ne3 g6 18. Qb3 Nc6 19. Rfd1 Kg7 20. Nc4 Rb8 21. a5 Rf8 22. Qa3 Rbd8 23. b4 Ne7 24. Nb6 Nxd5 25. exd5 e4 26. Rac1 Bg5 27. Rc2 Rfe8 28. Re2 e3 29. f3 f5 30. c4 f4 31. c5 Bf6 32. Qc1 Be5 33. Qc4 Re7 34. Rc1 Rde8 35. c6 g5 36. Nd7 Rxd7 37. cxd7 Qxd7 38. Qc7 Re7 39. Qxd7 Rxd7 40. Rec2 Kf7 41. b5 axb5 42. Rb1 Ke7 43. Rxb5 Bd4 44. Kf1 Kd8 45. Ke2 Rc7 46. Rxc7 Kxc7 47. Kd3 Bc5 48. Rb2 Ba3 49. Ra2 Bb4 50. a6 bxa6 51. Rxa6 Kb7 52. Ra2 Bc5 53. Ke4 Kb6 54. h4 h6 55. Rb2+ Ka5 56. h5 Ba3 57. Rc2 Bb4 58. Kd3 Kb5 59. Rc8 e2 60. Kxe2 Bc5 61. Rh8 Kc4 62. Rxh6 Kxd5 63. Rg6 Bd4 64. Rxg5+ Ke6 65. h6 Kf7 66. Rf5+ Kg6 67. Rxf4 Bf6 68. h7 Bh8 69. Rh4 Kg7 70. g4 Kg6 71. f4 Kg7 72. Kd3 Kg6 73. Ke4 Kf6 74. g5+ Kg6 75. Rh6+ Kg7 76. f5 Kf7 77. Rg6 Bg7 78. Rxd6 Kf8 79. Rd8+ Kf7 80. h8=Q 1-0

[Event "White Rook U14 Final 2019"]
[Site "Sochi"]
[Date "2019.06.08"]
[Round "7.24"]
[White "Sargaeva, Darima"]
[Black "Kuskova, Ruslana"]
[Result "1/2-1/2"]
[ECO "C45"]
[WhiteElo "1506"]
[BlackElo "1177"]
[Annotator "NA"]
[PlyCount "101"]
[EventDate "2019.06.02"]
[EventCountry "RUS"]
[SourceTitle "playchess.com"]
[Source "ChessBase"]
[SourceQuality "1"]
[TimeControl "5400+30"]

1. e4 e5 2. Nf3 Nc6 3. d4 exd4 4. Nxd4 Nf6 5. Nxc6 bxc6 6. Bd3 d5 7. exd5 cxd5 8. O-O Be7 9. c4 dxc4 10. Bxc4 O-O 11. Bf4 Bd7 12. Nc3 Bc5 13. Nd5 Nxd5 14. Qxd5 Bb6 15. Qf3 Qf6 16. b3 Rad8 17. Qg3 Rc8 18. Rac1 a5 19. a4 Be6 20. Bxe6 Qxe6 21. Bxc7 Bxc7 22. Rxc7 Rxc7 23. Qxc7 Qxb3 24. Qxa5 h6 25. Qa7 Qd5 26. Qb6 Ra8 27. Qb5 Qa2 28. Re1 Qxa4 29. Qxa4 Rxa4 30. g3 g5 31. Kg2 Kg7 32. Re5 Kf6 33. Rb5 Re4 34. Kf3 Ra4 35. Rb6+ Kg7 36. Ke3 Rc4 37. Kf3 Ra4 38. g4 Rf4+ 39. Kg3 f5 40. f3 fxg4 41. fxg4 Rf6 42. Rb5 Rf8 43. h4 gxh4+ 44. Kxh4 Kg6 45. Ra5 Rf6 46. Ra8 Rf7 47. Re8 Rf6 48. Re5 Rf8 49. Kg3 Rf6 50. Kh4 Rf8 51. Re6+ 1/2-1/2

[Event "White Rook U14 Final 2019"]
[Site "Sochi"]
[Date "2019.06.08"]
[Round "7.25"]
[White "Morozov, Gennady"]
[Black "Bogdanovics, Kirills"]
[Result "1-0"]
[ECO "A04"]
[WhiteElo "1997"]
[BlackElo "1640"]
[Annotator "NA"]
[PlyCount "87"]
[EventDate "2019.06.02"]
[EventCountry "RUS"]
[SourceTitle "playchess.com"]
[Source "ChessBase"]
[SourceQuality "1"]
[TimeControl "5400+30"]

1. e4 c5 2. Nf3 d6 3. d3 Nc6 4. g3 g6 5. Bg2 Bg7 6. O-O e6 7. c3 Nge7 8. Re1 O-O 9. Na3 a6 10. Nc2 b5 11. d4 cxd4 12. cxd4 d5 13. e5 Qb6 14. g4 Bd7 15. Be3 a5 16. Qd2 Rfc8 17. Bg5 a4 18. Bf6 Ra7 19. Qf4 Be8 20. Bxg7 Kxg7 21. Ne3 Ng8 22. g5 Nce7 23. Bh3 Nf5 24. Bxf5 exf5 25. Nxd5 Qb7 26. Nf6 Bc6 27. Re3 h5 28. Ne1 Ne7 29. e6 Nd5 30. Qe5 Nxf6 31. Qxf6+ Kg8 32. Rc1 Bd5 33. Rxc8+ Qxc8 34. e7 Qe8 35. Nd3 Be6 36. Nc5 Bxa2 37. Qd6 Bd5 38. Qxd5 Rxe7 39. Re5 b4 40. h4 f4 41. Ne4 Rxe5 42. Nf6+ Kf8 43. dxe5 Qb8 44. Nd7+ 1-0

[Event "White Rook U14 Final 2019"]
[Site "Sochi"]
[Date "2019.06.08"]
[Round "7.26"]
[White "Springis, Jevgenijs"]
[Black "Ermakov, Maksim"]
[Result "0-1"]
[ECO "D02"]
[WhiteElo "1632"]
[BlackElo "1623"]
[Annotator "NA"]
[PlyCount "70"]
[EventDate "2019.06.02"]
[EventCountry "RUS"]
[SourceTitle "playchess.com"]
[Source "ChessBase"]
[SourceQuality "1"]
[TimeControl "5400+30"]

1. d4 d5 2. Bf4 Nf6 3. e3 e6 4. Nf3 Bd6 5. Bg3 Ne4 6. Bd3 Nxg3 7. hxg3 h6 8. Nbd2 b6 9. Rc1 Bb7 10. O-O Nd7 11. Re1 O-O 12. e4 c5 13. exd5 exd5 14. c4 cxd4 15. cxd5 Bxd5 16. Nxd4 Nf6 17. Nf5 Bc5 18. Nc4 Re8 19. Nce3 Bb7 20. Qb3 Bd5 21. Nxd5 Qxd5 22. Qc3 Rxe1+ 23. Rxe1 Rd8 24. Bc2 Qxa2 25. Nxh6+ Kf8 26. Bb3 Qa5 27. Qxa5 bxa5 28. Re5 Bb6 29. Nxf7 Rd2 30. Ng5 Rxb2 31. Ne6+ Kf7 32. Ng5+ Kg6 33. Bf7+ Kh6 34. Ne4 Rb1+ 35. Kh2 Ng4+ 0-1

[Event "White Rook U14 Final 2019"]
[Site "Sochi"]
[Date "2019.06.08"]
[Round "7.28"]
[White "Sergejeva, Sofija"]
[Black "Korovina, Yana"]
[Result "1/2-1/2"]
[ECO "C42"]
[WhiteElo "1423"]
[BlackElo "1672"]
[Annotator "NA"]
[PlyCount "96"]
[EventDate "2019.06.02"]
[EventCountry "RUS"]
[SourceTitle "playchess.com"]
[Source "ChessBase"]
[SourceQuality "1"]
[TimeControl "5400+30"]

1. e4 e5 2. Nf3 Nf6 3. Nxe5 d6 4. Nf3 Nxe4 5. Bc4 Be7 6. d3 Nf6 7. O-O O-O 8. d4 Bg4 9. h3 Bh5 10. Bf4 d5 11. Be2 Nc6 12. Ne5 Bxe2 13. Nxc6 Bxd1 14. Nxd8 Bxc2 15. Nxb7 Rab8 16. Rc1 Nh5 17. Rxc2 Rxb7 18. Bh2 Rfb8 19. Nc3 Nf6 20. b3 Bb4 21. Rac1 Re8 22. Be5 c6 23. Bxf6 gxf6 24. Na4 Rbe7 25. Rxc6 Kg7 26. Nb2 Bd2 27. Rd1 Re1+ 28. Kh2 Rxd1 29. Nxd1 Re4 30. Ne3 Bxe3 31. fxe3 Rxe3 32. Rc5 Re2 33. Rxd5 Rxa2 34. b4 Rb2 35. b5 Rb3 36. Rc5 Rd3 37. Rc4 f5 38. Rb4 Kf6 39. b6 axb6 40. Rxb6+ Ke7 41. Rh6 Rxd4 42. Rxh7 f4 43. Rh4 Kf6 44. Rg4 Kf5 45. Rh4 Re4 46. Rh5+ Kg6 47. Rd5 Re2 48. Rd3 Kf5 1/2-1/2

[Event "White Rook U14 Final 2019"]
[Site "Sochi"]
[Date "2019.06.08"]
[Round "7.29"]
[White "Hrbek, Stepan"]
[Black "Efimov, Leonid"]
[Result "0-1"]
[ECO "E14"]
[WhiteElo "2013"]
[BlackElo "1666"]
[Annotator "NA"]
[PlyCount "115"]
[EventDate "2019.06.02"]
[EventCountry "RUS"]
[SourceTitle "playchess.com"]
[Source "ChessBase"]
[SourceQuality "1"]
[TimeControl "5400+30"]

1. Nf3 d5 2. e3 Nf6 3. c4 e6 4. b3 Be7 5. Bb2 O-O 6. d4 c5 7. Bd3 cxd4 8. exd4 b6 9. O-O Bb7 10. Nbd2 Nc6 11. Rc1 Rc8 12. Qe2 Re8 13. Rfd1 Bf8 14. h3 g6 15. Qe3 Bg7 16. Ne5 Nd7 17. f4 Nb4 18. Bb1 f6 19. Nxd7 Qxd7 20. a3 Nc6 21. Nf3 Ne7 22. g3 Nf5 23. Qf2 Nd6 24. Qe2 dxc4 25. bxc4 Nxc4 26. Ba1 Bd5 27. Rc3 Bf8 28. Qd3 b5 29. Nd2 Qb7 30. Nxc4 bxc4 31. Qe2 Rc7 32. Ba2 Rec8 33. Rdc1 Qa6 34. Bb2 Bd6 35. Kh2 Kf7 36. R1c2 f5 37. Rc1 Be7 38. Kg1 Bf6 39. R3c2 Be7 40. Rc3 Rc6 41. Kh2 Qa4 42. Kg1 Bf6 43. Qd2 Bd8 44. Qc2 Qa6 45. Qe2 Ba5 46. Re3 R8c7 47. Bc3 Bb6 48. Bb2 Qc8 49. Bc3 Qa6 50. Bb2 Qa4 51. Bc3 Qxa3 52. Ra1 Qd6 53. Bb1 Qd7 54. Bc2 Rd6 55. Rd1 Bb7 56. Qd2 Qc6 57. Qh2 Rcd7 58. d5 0-1

[Event "White Rook U14 Final 2019"]
[Site "Sochi"]
[Date "2019.06.08"]
[Round "7.30"]
[White "Ivanov, Matvei"]
[Black "Soucek, Jan"]
[Result "1/2-1/2"]
[ECO "C60"]
[WhiteElo "1529"]
[BlackElo "1543"]
[Annotator "NA"]
[PlyCount "133"]
[EventDate "2019.06.02"]
[EventCountry "RUS"]
[SourceTitle "playchess.com"]
[Source "ChessBase"]
[SourceQuality "1"]
[TimeControl "5400+30"]

1. e4 e5 2. Nf3 Nc6 3. Bb5 g6 4. O-O Bg7 5. c3 Nge7 6. d4 exd4 7. cxd4 O-O 8. Nc3 d6 9. Re1 Bg4 10. Be3 h6 11. Qd2 Kh7 12. d5 Bxf3 13. gxf3 Ne5 14. Be2 f5 15. f4 Nd7 16. f3 a6 17. Kh1 Nf6 18. Rad1 Nh5 19. Rg1 Ng8 20. Rg2 Qh4 21. Rdg1 Ne7 22. Bd1 b5 23. Ne2 Rae8 24. Bf2 Qf6 25. Bd4 Qh4 26. Bxg7 Nxg7 27. e5 dxe5 28. fxe5 Rd8 29. d6 cxd6 30. exd6 Rf6 31. d7 Ne6 32. Qd6 Ng8 33. Qxa6 Rxd7 34. Qxb5 Rg7 35. Bb3 Ng5 36. Bxg8+ Rxg8 37. Rd1 Rg7 38. Ng1 Re6 39. Rd7 Ree7 40. Rxe7 Rxe7 41. Qc5 Qe1 42. Qf2 Qb1 43. a3 f4 44. Qh4 Qf5 45. Qg4 Qf6 46. h4 Nf7 47. h5 g5 48. Qc8 Ne5 49. Qc2+ Kg7 50. b4 g4 51. fxg4 f3 52. Rf2 Nxg4 53. Rxf3 Qh4+ 54. Rh3 Nf2+ 55. Kg2 Nxh3 56. Qg6+ Kf8 57. Qf5+ Rf7 58. Qc8+ Kg7 59. Qc3+ Kh7 60. Qc2+ Kh8 61. Qc8+ Kg7 62. Qc3+ Kf8 63. Qh8+ Ke7 64. Qe5+ Kf8 65. Qh8+ Ke7 66. Qe5+ Kf8 67. Qh8+ 1/2-1/2

[Event "White Rook U14 Final 2019"]
[Site "Sochi"]
[Date "2019.06.08"]
[Round "7.31"]
[White "Hrbek, Jachym"]
[Black "Valiev, Ravil"]
[Result "0-1"]
[ECO "A15"]
[WhiteElo "1394"]
[BlackElo "1458"]
[Annotator "NA"]
[PlyCount "94"]
[EventDate "2019.06.02"]
[EventCountry "RUS"]
[SourceTitle "playchess.com"]
[Source "ChessBase"]
[SourceQuality "1"]
[TimeControl "5400+30"]

1. Nf3 Nf6 2. c4 g6 3. g3 Bg7 4. Bg2 O-O 5. O-O d6 6. b3 Nc6 7. Bb2 e5 8. d3 Rb8 9. Nc3 a6 10. Nd2 Bd7 11. Nde4 b5 12. c5 Nxe4 13. Nxe4 d5 14. Nd2 Be6 15. f4 f6 16. Rf3 Qd7 17. Qf1 Bg4 18. Rf2 Nb4 19. h3 Be6 20. Rf3 d4 21. g4 Bd5 22. Rg3 Bxg2 23. Rxg2 Nc2 24. c6 Qe8 25. Qf3 Nxa1 26. Bxa1 Rb6 27. Qd5+ Kh8 28. Rf2 Qxc6 29. Qxc6 Rxc6 30. Rf1 Rc2 31. Ne4 Kg8 32. fxe5 fxe5 33. Rb1 h6 34. Ng3 Rxa2 35. Bb2 Rf7 36. Ne4 Bf8 37. e3 c5 38. h4 Be7 39. h5 gxh5 40. gxh5 Rf3 41. Kg2 Rxe3 42. Nf2 Re2 43. Rg1 Bg5 44. Kf3 Rxf2+ 45. Kxf2 Rxb2+ 46. Kf3 a5 47. Rc1 Bxc1 0-1

[Event "White Rook U14 Final 2019"]
[Site "Sochi"]
[Date "2019.06.08"]
[Round "7.32"]
[White "Magizova, Yana"]
[Black "Hrbkova, Johana"]
[Result "1-0"]
[ECO "A22"]
[WhiteElo "1585"]
[BlackElo "1085"]
[Annotator "NA"]
[PlyCount "69"]
[EventDate "2019.06.02"]
[EventCountry "RUS"]
[SourceTitle "playchess.com"]
[Source "ChessBase"]
[SourceQuality "1"]
[TimeControl "5400+30"]

1. e4 e5 2. c4 Nf6 3. Nc3 Bb4 4. d3 h6 5. h3 Nc6 6. a3 Bc5 7. g4 d6 8. Bg2 O-O 9. Nge2 Nh7 10. b4 Bb6 11. Nd5 Be6 12. Nxb6 axb6 13. Be3 Qf6 14. O-O Ng5 15. f4 exf4 16. Nxf4 Nh7 17. Qc1 Nd4 18. Qd1 Nc6 19. Nxe6 Qxe6 20. Qc1 Qg6 21. d4 h5 22. gxh5 Qxh5 23. Qe1 Rfe8 24. Kh2 Re7 25. Qg3 Nb8 26. Rf4 Re6 27. Bf3 Qh6 28. Bg4 Re7 29. Bf5 Qg5 30. Rg4 Qf6 31. Rg1 Re8 32. Bxh7+ Kxh7 33. Rxg7+ Kh8 34. Rg8+ Rxg8 35. Qxg8# 1-0

[Event "White Rook U14 Final 2019"]
[Site "Sochi"]
[Date "2019.06.08"]
[Round "7.33"]
[White "Nosachev, Daniil"]
[Black "Lotnik, Vladislav"]
[Result "1/2-1/2"]
[ECO "C11"]
[WhiteElo "1719"]
[BlackElo "1490"]
[Annotator "NA"]
[PlyCount "131"]
[EventDate "2019.06.02"]
[EventCountry "RUS"]
[SourceTitle "playchess.com"]
[Source "ChessBase"]
[SourceQuality "1"]
[TimeControl "5400+30"]

1. e4 e6 2. d4 d5 3. Nc3 Nf6 4. e5 Nfd7 5. f4 c5 6. Nf3 Nc6 7. Be3 Qb6 8. Na4 Qa5+ 9. c3 cxd4 10. b4 Qc7 11. Nxd4 Nxd4 12. Bxd4 Be7 13. Bd3 b6 14. O-O g6 15. a3 Bb7 16. Qg4 Bc6 17. Nb2 b5 18. Rae1 Nb6 19. Qe2 Nc4 20. Bxc4 dxc4 21. a4 a6 22. a5 Qb7 23. Rf2 Bd8 24. Nd1 Bc7 25. Ne3 h5 26. h3 O-O-O 27. Nc2 Bb8 28. Qe3 Rd7 29. Rd2 Rhd8 30. Red1 Be4 31. Ne1 Ba7 32. Bxa7 Rxd2 33. Rxd2 Rxd2 34. Qxd2 Qxa7+ 35. Kh2 Bd5 36. Nc2 Qb7 37. Ne3 Qc6 38. Qd4 Kd7 39. Qa7+ Qb7 40. Qxb7+ Bxb7 41. g4 hxg4 42. hxg4 Ke7 43. Kg3 Be4 44. Kh4 f6 45. g5 f5 46. Kg3 Kd7 47. Kf2 Kc6 48. Nf1 Kd5 49. Ng3 Kc6 50. Nxe4 fxe4 51. Ke2 e3 52. Kxe3 Kd5 53. Kf3 Kc6 54. Ke4 Kd7 55. Ke3 Kc7 56. Kf3 Kd7 57. Ke2 Kc6 58. Kf3 Kd7 59. Ke3 Kc7 60. Ke4 Kd7 61. Ke3 Kc7 62. Kf3 Kc6 63. Kg3 Kd5 64. Kg4 Ke4 65. Kg3 Kf5 66. Kf3 1/2-1/2

[Event "White Rook U14 Final 2019"]
[Site "Sochi"]
[Date "2019.06.08"]
[Round "7.34"]
[White "Kostornichenko, Yana"]
[Black "Babeshko, Vitaliy"]
[Result "1/2-1/2"]
[ECO "C67"]
[WhiteElo "1706"]
[BlackElo "1331"]
[Annotator "NA"]
[PlyCount "85"]
[EventDate "2019.06.02"]
[EventCountry "RUS"]
[SourceTitle "playchess.com"]
[Source "ChessBase"]
[SourceQuality "1"]
[TimeControl "5400+30"]

1. e4 e5 2. Nf3 Nc6 3. Bb5 Nf6 4. O-O Nxe4 5. d4 Nd6 6. Bxc6 dxc6 7. dxe5 Nf5 8. Qxd8+ Kxd8 9. Bg5+ Ke8 10. Nc3 h6 11. Bf4 Be6 12. g4 Ne7 13. h3 Nd5 14. Bd2 Nxc3 15. Bxc3 Bc5 16. Bd4 Bd5 17. Bxc5 Bxf3 18. Rfe1 b6 19. Bb4 c5 20. Bc3 Rg8 21. Re3 Bd5 22. f4 g6 23. a3 a5 24. Be1 Kd7 25. Rd1 Kc6 26. Red3 Be6 27. Bg3 b5 28. Bf2 c4 29. Rd4 b4 30. Kh2 bxa3 31. bxa3 Rab8 32. f5 gxf5 33. gxf5 Bxf5 34. Rxc4+ Kb7 35. Bg3 Be6 36. Ra4 Ka6 37. Rad4 Rb2 38. R1d2 Bf5 39. Rc4 Kb7 40. e6 Bxe6 41. Rxc7+ Kb6 42. Rc3 Kb5 43. Be5 1/2-1/2

[Event "White Rook U14 Final 2019"]
[Site "Sochi"]
[Date "2019.06.08"]
[Round "7.35"]
[White "Eperin, Andrey"]
[Black "Abubekerov, Iliya"]
[Result "0-1"]
[ECO "C19"]
[WhiteElo "1288"]
[BlackElo "1199"]
[Annotator "NA"]
[PlyCount "116"]
[EventDate "2019.06.02"]
[EventCountry "RUS"]
[SourceTitle "playchess.com"]
[Source "ChessBase"]
[SourceQuality "1"]
[TimeControl "5400+30"]

1. e4 e6 2. d4 d5 3. Nc3 Bb4 4. e5 c5 5. a3 Bxc3+ 6. bxc3 c4 7. Nf3 Ne7 8. Be2 Qa5 9. Bd2 Nbc6 10. O-O Bd7 11. Qc1 O-O-O 12. Qb2 h5 13. Bg5 Rdf8 14. Rfb1 Qc7 15. h4 Ng6 16. a4 f6 17. Be3 fxe5 18. dxe5 b6 19. Bg5 Ngxe5 20. Nxe5 Qxe5 21. Bf3 Qc7 22. Re1 Ne5 23. Be2 Rf5 24. Rf1 Bc6 25. Qc1 Nf7 26. f4 Nxg5 27. hxg5 Rhf8 28. g3 g6 29. Qe3 Bd7 30. Rf2 Qc5 31. Qxc5+ bxc5 32. a5 Kc7 33. Rff1 Rb8 34. Ra2 Rff8 35. Rd1 Rb7 36. Kg2 Kc6 37. Bf3 Kc7 38. Re1 Rfb8 39. g4 hxg4 40. Bxg4 Kd6 41. Kf3 Rb1 42. Re2 Rf1+ 43. Rf2 Rbb1 44. Kg2 Rg1+ 45. Kh3 Rge1 46. Kg3 Rg1+ 47. Kh3 Rb8 48. Rg2 Rxg2 49. Kxg2 Rb1 50. Kf2 a6 51. Ke2 Bb5 52. Kf2 Rh1 53. Bf3 Rc1 54. Bg4 d4 55. cxd4 cxd4 56. Be2 d3 57. cxd3 cxd3 58. Rd2 Rc2 0-1

[Event "White Rook U14 Final 2019"]
[Site "Sochi"]
[Date "2019.06.08"]
[Round "7.36"]
[White "Kulish, Glafira"]
[Black "Noyanzina, Sofia"]
[Result "1/2-1/2"]
[ECO "D36"]
[WhiteElo "1379"]
[BlackElo "1318"]
[Annotator "NA"]
[PlyCount "79"]
[EventDate "2019.06.02"]
[EventCountry "RUS"]
[SourceTitle "playchess.com"]
[Source "ChessBase"]
[SourceQuality "1"]
[TimeControl "5400+30"]

1. d4 d5 2. c4 e6 3. Nc3 Nf6 4. cxd5 exd5 5. Bg5 Nbd7 6. e3 c6 7. Qc2 Be7 8. Bd3 O-O 9. Nge2 Re8 10. O-O Nf8 11. f3 Be6 12. Rad1 Nh5 13. Bxe7 Qxe7 14. e4 dxe4 15. fxe4 Nf6 16. Nf4 Bg4 17. Rde1 Qb4 18. d5 Qd4+ 19. Qf2 Qxf2+ 20. Kxf2 cxd5 21. Nfxd5 Nxd5 22. Nxd5 Rad8 23. Bb5 Bd7 24. Bxd7 Rxd7 25. Kg3 Re5 26. a3 f5 27. Nc3 Rd3+ 28. Rf3 Rd2 29. Rxf5 Rxf5 30. exf5 Rxb2 31. a4 Rb3 32. Re3 Kf7 33. Kf4 Rb2 34. Re2 Rxe2 35. Nxe2 Nd7 36. Nc3 Nc5 37. Ke5 Ke7 38. Nd5+ Kf7 39. Nc3 Ke7 40. Nd5+ 1/2-1/2

[Event "White Rook U14 Final 2019"]
[Site "Sochi"]
[Date "2019.06.09"]
[Round "8.1"]
[White "Putrenko, Kirill"]
[Black "Abrazevich, Yauheni"]
[Result "1-0"]
[ECO "E74"]
[WhiteElo "2010"]
[BlackElo "1888"]
[Annotator "NA"]
[PlyCount "209"]
[EventDate "2019.06.02"]
[EventCountry "RUS"]
[SourceTitle "playchess.com"]
[Source "ChessBase"]
[SourceQuality "1"]
[TimeControl "5400+30"]

1. d4 Nf6 2. c4 g6 3. Nc3 Bg7 4. e4 d6 5. Be2 O-O 6. Bg5 c5 7. d5 h6 8. Bf4 Ne8 9. Qd2 Kh7 10. Nf3 e5 11. dxe6 fxe6 12. e5 Nc6 13. Bg3 Qb6 14. Na4 Qb4 15. Qxb4 Nxb4 16. O-O-O dxe5 17. a3 Nc6 18. Nxc5 b6 19. Nb3 Ba6 20. Rhe1 Rc8 21. Kb1 Nf6 22. Bf1 e4 23. Nfd4 Nxd4 24. Nxd4 Bxc4 25. Bxc4 Rxc4 26. Nxe6 Re8 27. Nxg7 Kxg7 28. Rc1 Rec8 29. Rxc4 Rxc4 30. Be5 Kf7 31. Rd1 Rc6 32. h3 Re6 33. Bf4 g5 34. Be3 Ke7 35. Kc2 Rc6+ 36. Kb3 Ke6 37. Rd8 Nd5 38. Re8+ Kf5 39. g4+ Kg6 40. Rxe4 Nxe3 41. Rxe3 Rf6 42. f3 Kf7 43. Kc4 a6 44. Kd3 Rd6+ 45. Ke2 Rc6 46. Rc3 Re6+ 47. Kf2 Rd6 48. Kg3 Rd2 49. b3 a5 50. Rc6 b5 51. Rxh6 Rd3 52. Ra6 Rxb3 53. Rxa5 Kf6 54. Ra6+ Kg7 55. Rb6 Kf7 56. Ra6 Kg7 57. Ra5 Kg6 58. a4 b4 59. Rb5 Rb1 60. a5 b3 61. a6 b2 62. Kg2 Ra1 63. Rxb2 Rxa6 64. Kg3 Ra3 65. Rh2 Ra1 66. h4 Rg1+ 67. Kf2 Ra1 68. hxg5 Kxg5 69. Rh5+ Kg6 70. Rb5 Ra2+ 71. Kg3 Ra3 72. Re5 Kf6 73. Re4 Kg5 74. Kf2 Ra2+ 75. Re2 Ra3 76. Re3 Ra1 77. Re1 Ra2+ 78. Kg3 Ra3 79. Re5+ Kf6 80. Rc5 Kg6 81. g5 Kh5 82. Kf4 Rb3 83. Re5 Ra3 84. Re6 Ra4+ 85. Kf5 Ra5+ 86. Re5 Ra8 87. Re6 Ra5+ 88. Kf6 Ra8 89. g6 Kh6 90. g7 Kh7 91. Re7 Ra6+ 92. Kf7 Ra8 93. Re8 Ra7+ 94. Kf8 Rxg7 95. Re7 Kh8 96. Re5 Kh7 97. f4 Rg4 98. f5 Kh6 99. f6 Kg6 100. f7 Kf6 101. Ra5 Re4 102. Ra6+ Kf5 103. Kg7 Rg4+ 104. Kh7 Rh4+ 105. Rh6 1-0

[Event "White Rook U14 Final 2019"]
[Site "Sochi"]
[Date "2019.06.09"]
[Round "8.2"]
[White "Dyl, Nikita"]
[Black "Ismagilov, Igor"]
[Result "0-1"]
[ECO "A43"]
[WhiteElo "1646"]
[BlackElo "1803"]
[Annotator "NA"]
[PlyCount "66"]
[EventDate "2019.06.02"]
[EventCountry "RUS"]
[SourceTitle "playchess.com"]
[Source "ChessBase"]
[SourceQuality "1"]
[TimeControl "5400+30"]

1. d4 c5 2. d5 g6 3. c4 Bg7 4. e4 d6 5. Be2 e6 6. Nf3 Ne7 7. O-O O-O 8. Nc3 exd5 9. exd5 Bg4 10. Bg5 h6 11. Bh4 f5 12. Bxe7 Qxe7 13. h3 Bxf3 14. Bxf3 Bxc3 15. bxc3 Nd7 16. Re1 Ne5 17. Qd2 Qg5 18. Qxg5 hxg5 19. Rab1 Rfe8 20. Be2 Re7 21. g3 Rae8 22. Kf1 f4 23. Rbd1 f3 24. Bd3 Rh7 25. h4 Kg7 26. Re4 Reh8 27. Ke1 gxh4 28. gxh4 Rxh4 29. Kd2 Rxe4 30. Bxe4 Nxc4+ 31. Kc2 Rh2 32. Bxf3 Rxf2+ 33. Kb3 Nd2+ 0-1

[Event "White Rook U14 Final 2019"]
[Site "Sochi"]
[Date "2019.06.09"]
[Round "8.3"]
[White "Khodko, Yurii N."]
[Black "Zaiko, Stanislav"]
[Result "1-0"]
[ECO "C98"]
[WhiteElo "1727"]
[BlackElo "1176"]
[Annotator "NA"]
[PlyCount "71"]
[EventDate "2019.06.02"]
[EventCountry "RUS"]
[SourceTitle "playchess.com"]
[Source "ChessBase"]
[SourceQuality "1"]
[TimeControl "5400+30"]

1. e4 e5 2. Nf3 Nc6 3. Bb5 a6 4. Ba4 Nf6 5. O-O d6 6. Re1 b5 7. Bb3 Be7 8. c3 O-O 9. h3 Na5 10. Bc2 c5 11. d4 Qc7 12. Nbd2 Nc6 13. d5 Nb8 14. a4 Bb7 15. Nf1 Nbd7 16. b3 Nb6 17. a5 Nbd7 18. Ng3 Rfe8 19. Nh2 Nf8 20. Nf5 Ng6 21. Bg5 h6 22. Be3 Bc8 23. g3 Bd8 24. h4 Bxf5 25. exf5 Ne7 26. c4 b4 27. g4 Nh7 28. g5 hxg5 29. hxg5 Nc8 30. Qh5 Nf8 31. f6 gxf6 32. gxf6 Bxf6 33. Ng4 Bg7 34. Bh6 Ne7 35. Bxg7 Kxg7 36. Qh6+ 1-0